[Event "Monday Night Engine Tour 11 rd Swiss 5m+1s Starts at 2200hrs ST"]
[Site "Infinity Chess"]
[Date "2018.4.24"]
[Round "9"]
[White "gmmarolideus"]
[Black "Victorious"]
[Result "1-0 "]
[ECO "C53"]
[WhiteElo "2292"]
[BlackElo "2546"]
[WhiteEngine "asmFishW_2018-04-07_popcnt_CTG"]
[BlackEngine "Cfish_x64_180418_NUMA_ELTO_popcnt"]
[EventType "Swiss"]
[WhiteTeam ""]
[BlackTeam ""]
[PlyCount "197"]
[TimeControl "300+1"]

1. e4 e5 2. Nf3 Nc6 3. Bc4 Bc5 4. c3 Nf6 5. d4 exd4 6. cxd4 Bb4+ 7. Bd2 Nxe4 
8. Bxb4 Nxb4 9. Bxf7+ Kxf7 10. Qb3+ Kf8 11. Qxb4+ Qe7 12. Qxe7+ Kxe7 13. O-O Kd8 
14. Re1 Nf6 15. Nc3 d6 16. d5 Re8 17. Rxe8+ Kxe8 18. Nd4 Bd7 19. f3 Kf7 
20. Kf2 h6 21. Nc2 a5 22. Ne3 g5 23. a3 a4 24. Rd1 Ra6 25. Rd4 Rb6 26. Ned1 Rb3 
27. Rc4 Ne8 28. Ke1 Bb5 29. Rb4 Rxb4 30. axb4 Bd7 31. Ke2 Nf6 32. b5 Ng8 
33. f4 gxf4 34. Kf3 Kf6 35. Kxf4 Ne7 36. Ne3 b6 37. Nc2 Ng6+ 38. Ke3 Ke5 
39. Nb4 Ne7 40. Nd3+ Kf6 41. Nb4 Ke5 42. Nd3+ Kf6 43. h3 h5 44. Kd4 Kf5 
45. Nb4 Kf4 46. Ne2+ Kg5 47. Nc6 Nf5+ 48. Ke4 Nh4 49. Nf4 Bf5+ 50. Ke3 Ng6 
51. Nxg6 Bxg6 52. Nd8 Bf5 53. Ne6+ Bxe6 54. dxe6 Kf6 55. e7 Kxe7 56. h4 Kf7 
57. Kd4 Kf6 58. Kd5 Kf5 59. Kc6 Kg4 60. Kxc7 d5 61. Kxb6 d4 62. Ka6 d3 63. b6 d2 
64. b7 d1=Q 65. b8=Q Kxh4 66. g3+ Kh3 67. Qe5 Qf3 68. Kb5 Qxg3 69. Qxh5+ Kg2 
70. Qe2+ Kg1 71. Kxa4 Qc7 72. b4 Qa7+ 73. Kb3 Qa1 74. Qd3 Kf2 75. b5 Qe1 
76. Qf5+ Kg1 77. Qd3 Qf2 78. Qb1+ Kg2 79. Qe4+ Kf1 80. Qe5 Qf3+ 81. Kb4 Qd1 
82. b6 Qd2+ 83. Kb5 Qd3+ 84. Kc6 Qc4+ 85. Kd6 Qb4+ 86. Kc7 Qc4+ 87. Kd8 Qb4 
88. Qf6+ Kg1 89. Qg7+ Kh1 90. b7 Qd6+ 91. Kc8 Qc5+ 92. Kd7 Qd5+ 93. Ke8 Qb5+ 
94. Qd7 Qe5+ 95. Kf7 Qf4+ 96. Ke6 Qe3+ 97. Kd5 Qd2+ 98. Ke6 Qe3+ 99. Kd5 1-0

[Event "Monday Night Engine Tour 11 rd Swiss 5m+1s Starts at 2200hrs ST"]
[Site "Infinity Chess"]
[Date "2018.4.24"]
[Round "9"]
[White "SkyPilot"]
[Black "Dovahkiin"]
[Result "1/2-1/2"]
[ECO "C50"]
[WhiteElo "2511"]
[BlackElo "2446"]
[WhiteEngine "stockfish_x64_bmi2_2018_04_07_CTG"]
[BlackEngine "BrainFish_180418_x64_modern_CTG"]
[EventType "Swiss"]
[WhiteTeam ""]
[BlackTeam ""]
[PlyCount "82"]
[TimeControl "300+1"]

1. e4 e5 2. Nf3 Nc6 3. Bc4 Bc5 4. O-O Nf6 5. d3 d6 6. c3 O-O 7. Bg5 h6 8. Bh4 g5 
9. Bg3 a6 10. Bb3 Ba7 11. Nbd2 Na5 12. Ba4 Nh5 13. b4 Nxg3 14. hxg3 Nc6 
15. Bxc6 bxc6 16. Nb3 Re8 17. Qd2 Bg4 18. d4 exd4 19. Nfxd4 Qd7 20. Rfe1 c5 
21. Nc2 cxb4 22. Nxb4 Be6 23. Nd4 c5 24. Nxe6 cxb4 25. Nd4 bxc3 26. Qxc3 Rac8 
27. Qd3 Bxd4 28. Qxd4 Qe6 29. Rad1 Qxa2 30. Qxd6 Qe6 31. Qd2 Rc4 32. e5 Qc6 
33. Re3 Kg7 34. Qd3 Rc5 35. f4 a5 36. e6 Rxe6 37. Rxe6 fxe6 38. Qd4+ Kg6 
39. Qd3+ Kg7 40. Qd4+ Kg6 41. Qd3+ Kg7 1/2-1/2

[Event "Monday Night Engine Tour 11 rd Swiss 5m+1s Starts at 2200hrs ST"]
[Site "Infinity Chess"]
[Date "2018.4.24"]
[Round "9"]
[White "Murx"]
[Black "Coco69"]
[Result "1/2-1/2"]
[ECO "C50"]
[WhiteElo "2550"]
[BlackElo "2472"]
[WhiteEngine "asmFishW_2018-04-07_popcnt"]
[BlackEngine "BrainFish_180418_x64_CTG"]
[EventType "Swiss"]
[WhiteTeam ""]
[BlackTeam ""]
[PlyCount "133"]
[TimeControl "300+1"]

1. e4 e5 2. Nf3 Nc6 3. Bc4 Bc5 4. O-O Nf6 5. d3 d6 6. c3 O-O 7. a4 a5 8. Re1 h6 
9. h3 Be6 10. Nbd2 Ba7 11. b3 d5 12. exd5 Nxd5 13. Ne4 Re8 14. Bd2 Nf6 
15. Qe2 Qe7 16. Bb5 Nxe4 17. Qxe4 Qd6 18. Bxc6 bxc6 19. Nxe5 Bd5 20. Qf5 Be6 
21. Qe4 Bd5 22. Qf4 Bxb3 23. Rab1 Ba2 24. Ra1 Bd5 25. Nf3 Qxf4 26. Bxf4 Bb6 
27. Nd2 Rxe1+ 28. Rxe1 f6 29. d4 Bf7 30. Rb1 Bg6 31. Rc1 Kf8 32. Be3 Rb8 
33. Nb3 Bf7 34. c4 Ke7 35. Bd2 Kd7 36. f3 Ba7 37. Nc5+ Bxc5 38. dxc5 Be6 
39. Rd1 Kc8 40. Ra1 Bxc4 41. Bxa5 Rb3 42. Re1 Kd7 43. Ra1 g5 44. Rc1 Ba6 
45. Rd1+ Kc8 46. Kf2 Ra3 47. Kg3 Ra2 48. Bc3 f5 49. Rb1 Rc2 50. Bd4 h5 
51. Rb2 Rc4 52. Rd2 Rxa4 53. h4 f4+ 54. Kh2 gxh4 55. Kh3 Kd7 56. Kxh4 Ke6 
57. Kxh5 Kf5 58. Bg7 Bf1 59. Rd8 Bxg2 60. Rf8+ Ke6 61. Rf6+ Kd5 62. Rf5+ Kc4 
63. Rxf4+ Kb5 64. Rxa4 Bxf3+ 65. Kh4 Kxa4 66. Be5 Bd1 67. Bxc7 1/2-1/2

[Event "Monday Night Engine Tour 11 rd Swiss 5m+1s Starts at 2200hrs ST"]
[Site "Infinity Chess"]
[Date "2018.4.23"]
[Round "8"]
[White "gmmarolideus"]
[Black "ocirema"]
[Result "1/2-1/2 "]
[ECO "B22"]
[WhiteElo "2284"]
[BlackElo "2474"]
[WhiteEngine "asmFishW_2018-04-07_popcnt_CTG"]
[BlackEngine "Eman 1.70-beta21 64-bit POPCNT_CTG"]
[EventType "Swiss"]
[WhiteTeam ""]
[BlackTeam ""]
[PlyCount "235"]
[TimeControl "300+1"]

1. e4 c5 2. c3 Nf6 3. e5 Nd5 4. d4 cxd4 5. Nf3 Nc6 6. Bc4 Nb6 7. Bb3 d5 
8. exd6 Qxd6 9. Nxd4 Nxd4 10. cxd4 Be6 11. Nc3 Bxb3 12. Qxb3 e6 13. Be3 Be7 
14. d5 Nxd5 15. Nxd5 exd5 16. O-O O-O 17. Rfd1 Rfd8 18. Qxb7 a5 19. Qb6 Qe6 
20. Bd4 Bf6 21. Qc7 a4 22. Qf4 Qe4 23. Qxe4 dxe4 24. Bxf6 gxf6 25. Kf1 Rxd1+ 
26. Rxd1 a3 27. b3 Rc8 28. Ke2 f5 29. Kd2 Rd8+ 30. Kc1 Rc8+ 31. Kb1 f4 
32. Rd4 f5 33. Rd5 Rf8 34. Kc1 Kg7 35. Kd2 Kf6 36. Ra5 Rd8+ 37. Ke2 Rg8 
38. g3 f3+ 39. Kd1 Rd8+ 40. Ke1 Kg5 41. h3 h5 42. Rb5 Kf6 43. h4 Rd3 44. Rc5 Ke6 
45. Rc8 Ke7 46. Rc7+ Kd6 47. Rc8 Ke5 48. Re8+ Kd4 49. Rc8 Rc3 50. Rd8+ Ke5 
51. Re8+ Kd4 52. Rd8+ Ke5 53. Re8+ Kd6 54. Kd2 Rd3+ 55. Ke1 Kc5 56. Rc8+ Kd4 
57. Rc4+ Ke5 58. Rc5+ Rd5 59. Rxd5+ Kxd5 60. Kd1 Kc5 61. Ke1 Kb5 62. Kd1 Kb6 
63. Kd2 Kc5 64. Kd1 Kc6 65. Kd2 Kd6 66. Ke1 Kd5 67. Kd1 Ke5 68. Ke1 Kd6 
69. Kd1 Kd5 70. Ke1 Ke5 71. Kd1 Ke6 72. Kd2 Kd6 73. Kd1 Kd5 74. Ke1 Ke6 
75. Kd2 Kf7 76. Ke3 Kf6 77. Kd2 Ke5 78. Ke1 f4 79. gxf4+ Kxf4 80. b4 Ke5 
81. b5 Kd5 82. Kd2 Kd6 83. Ke3 Kc5 84. Kxe4 Kxb5 85. Kxf3 Kc4 86. Ke4 Kc3 
87. f4 Kb2 88. f5 Kxa2 89. f6 Kb3 90. f7 a2 91. f8=Q a1=Q 92. Qf7+ Kb4 
93. Qxh5 Qb1+ 94. Ke5 Qa1+ 95. Ke4 Qe1+ 96. Kf5 Qf1+ 97. Kg6 Qa6+ 98. Kg5 Qb5+ 
99. Kh6 Qc4 100. Qg5 Qe6+ 101. Qg6 Qe3+ 102. Qg5 Qe6+ 103. Kg7 Qd7+ 
104. Kf8 Qc8+ 105. Kf7 Qc4+ 106. Ke8 Qc6+ 107. Kf7 Qf3+ 108. Qf6 Qg4 
109. Qg5 Qc4+ 110. Kg7 Qd4+ 111. Qf6 Qd7+ 112. Kg6 Qd3+ 113. Qf5 Qg3+ 
114. Kh5 Kb3 115. Qd5+ Kc3 116. Qc5+ Kb2 117. Qg5 Qd6 118. Kg4 1/2-1/2

[Event "Monday Night Engine Tour 11 rd Swiss 5m+1s Starts at 2200hrs ST"]
[Site "Infinity Chess"]
[Date "2018.4.23"]
[Round "8"]
[White "Dovahkiin"]
[Black "MarioDeMonti"]
[Result "1/2-1/2"]
[ECO "C55"]
[WhiteElo "2445"]
[BlackElo "2480"]
[WhiteEngine "BrainFish_180418_x64_modern_CTG"]
[BlackEngine "stockfish_x64_bmi2_2018_02_18_CTG"]
[EventType "Swiss"]
[WhiteTeam ""]
[BlackTeam ""]
[PlyCount "135"]
[TimeControl "300+1"]

1. e4 e5 2. Nf3 Nc6 3. Bc4 Nf6 4. d3 Bc5 5. O-O d6 6. c3 O-O 7. Re1 Bb6 8. h3 a5 
9. Nbd2 h6 10. a4 Be6 11. Ra2 Nd7 12. b3 Qf6 13. Nf1 Rfe8 14. Ng3 Bxc4 
15. bxc4 Kh7 16. Rb2 Qe6 17. Nh4 g6 18. Nf3 Rh8 19. Nf1 Rae8 20. Be3 Bxe3 
21. Nxe3 b6 22. Nd5 Rc8 23. Nh2 Ne7 24. f4 Rhf8 25. Ng4 Nxd5 26. exd5 Qe7 
27. fxe5 dxe5 28. Rbe2 f6 29. d4 h5 30. Nf2 Rce8 31. Nd3 Qf7 32. Qb1 Re7 
33. Nf2 Qe8 34. Qe4 Rff7 35. Nd3 f5 36. Qh4 e4 37. Nf4 Nf8 38. g4 Kh8 
39. Qg5 hxg4 40. hxg4 fxg4 41. Rh2+ Rh7 42. Rxh7+ Rxh7 43. Nd3 Qxa4 44. Nf2 Qd7 
45. Qe5+ Rg7 46. Nxe4 Qe7 47. c5 bxc5 48. Nxc5 Qd6 49. c4 g5 50. Kg2 Ng6 
51. Qxd6 cxd6 52. Ne4 Re7 53. Kg3 Kg7 54. Kxg4 a4 55. c5 dxc5 56. d6 Ra7 
57. dxc5 a3 58. Ra1 a2 59. Kf5 g4 60. Kxg4 Ne5+ 61. Kf5 Nc6 62. d7 Kf8 
63. Nd6 Ra6 64. Ke6 Nd8+ 65. Kf6 Nc6 66. Ke6 Nd8+ 67. Kf6 Nc6 68. Ke6 1/2-1/2

[Event "Monday Night Engine Tour 11 rd Swiss 5m+1s Starts at 2200hrs ST"]
[Site "Infinity Chess"]
[Date "2018.4.23"]
[Round "8"]
[White "Coco69"]
[Black "Deep_Impact"]
[Result "1/2-1/2"]
[ECO "C50"]
[WhiteElo "2471"]
[BlackElo "2507"]
[WhiteEngine "BrainFish_180418_x64_CTG"]
[BlackEngine "BrainFish_180411_x64_bmi2"]
[EventType "Swiss"]
[WhiteTeam ""]
[BlackTeam ""]
[PlyCount "102"]
[TimeControl "300+1"]

1. e4 e5 2. Nf3 Nc6 3. Bc4 Bc5 4. O-O Nf6 5. d3 d6 6. c3 a5 7. Bg5 h6 8. Bh4 O-O 
9. a4 g5 10. Bg3 Kg7 11. Na3 Ne7 12. Re1 Ng6 13. d4 exd4 14. Nxd4 h5 15. f3 h4 
16. Bf2 Ne5 17. Bb3 Nh5 18. Nc4 Qf6 19. Rf1 Nf4 20. Ne3 Ned3 21. Qc2 Nxf2 
22. Qxf2 Ra6 23. Bc4 Rb6 24. Rad1 c6 25. Rfe1 Kg8 26. Kh1 Rd8 27. Bf1 d5 
28. exd5 cxd5 29. Bb5 Rbd6 30. Qd2 Kg7 31. b4 Bxd4 32. Qxd4 axb4 33. cxb4 Qxd4 
34. Rxd4 Ne6 35. Rd2 Nf4 36. Rd4 Ne6 37. Rd2 Nf4 38. g3 d4 39. gxf4 dxe3 
40. Rxd6 Rxd6 41. fxg5 Rd4 42. Rxe3 Rxb4 43. Kg2 Kg6 44. Re5 Bf5 45. Kg1 b6 
46. Rd5 Rb1+ 47. Kf2 Rb2+ 48. Kg1 Rb1+ 49. Kf2 Rb2+ 50. Kg1 Rb4 51. Kf2 Rb2+ 
1/2-1/2

[Event "Monday Night Engine Tour 11 rd Swiss 5m+1s Starts at 2200hrs ST"]
[Site "Infinity Chess"]
[Date "2018.4.23"]
[Round "8"]
[White "Victorious"]
[Black "OlivierEvan"]
[Result "1/2-1/2"]
[ECO "C14"]
[WhiteElo "2550"]
[BlackElo "2438"]
[WhiteEngine "Cfish_x64_180418_NUMA_ELTO_popcnt"]
[BlackEngine "Houdini 6"]
[EventType "Swiss"]
[WhiteTeam ""]
[BlackTeam ""]
[PlyCount "115"]
[TimeControl "300+1"]

1. e4 e6 2. d4 d5 3. Nc3 Nf6 4. Bg5 Be7 5. e5 Nfd7 6. Bxe7 Qxe7 7. f4 O-O 
8. Nf3 c5 9. Qd2 Nc6 10. dxc5 a6 11. Na4 Nxc5 12. Nxc5 Qxc5 13. O-O-O b5 
14. Kb1 b4 15. Qd3 Ra7 16. g4 f6 17. exf6 Rxf6 18. Ng5 g6 19. Qg3 Qf8 
20. Nh3 Qd6 21. Bg2 a5 22. Qe3 Rf8 23. f5 gxf5 24. gxf5 Rg7 25. Rhg1 Kh8 
26. Qh6 Qe5 27. Nf4 Rxf5 28. Bxd5 Ne7 29. Nxe6 Rxg1 30. Rxg1 Qf6 31. Qxf6+ Rxf6 
32. Nc7 Rf2 33. Be4 Bf5 34. Bxf5 Nxf5 35. Nd5 Rxh2 36. c4 bxc3 37. bxc3 Rf2 
38. a3 h5 39. Rg5 h4 40. c4 Kh7 41. c5 Kh6 42. Rg8 Nd4 43. Rg4 Nf3 44. c6 h3 
45. Rg8 h2 46. Rh8+ Kg5 47. c7 Nh4 48. c8=Q h1=Q+ 49. Qc1+ Qxc1+ 50. Kxc1 Ra2 
51. Rc8 Rxa3 52. Rg8+ Kf5 53. Ra8 Ke5 54. Kb2 a4 55. Nc3 Rb3+ 56. Kc2 Rxc3+ 
57. Kxc3 Nf5 58. Rxa4 1/2-1/2

[Event "Monday Night Engine Tour 11 rd Swiss 5m+1s Starts at 2200hrs ST"]
[Site "Infinity Chess"]
[Date "2018.4.23"]
[Round "8"]
[White "star99"]
[Black "SkyPilot"]
[Result "1/2-1/2 "]
[ECO "A46"]
[WhiteElo "2462"]
[BlackElo "2513"]
[WhiteEngine "Cryptic Heroes 9.4B"]
[BlackEngine "stockfish_x64_bmi2_2018_04_07_CTG"]
[EventType "Swiss"]
[WhiteTeam ""]
[BlackTeam ""]
[PlyCount "176"]
[TimeControl "300+1"]

1. d4 Nf6 2. Nf3 d5 3. e3 c5 4. c4 e6 5. a3 h6 6. Nc3 dxc4 7. Bxc4 a6 8. O-O b5 
9. Ba2 Bb7 10. Qe2 Qc7 11. Bd2 Nbd7 12. Rac1 Qb6 13. dxc5 Nxc5 14. e4 Ncxe4 
15. Be3 Qd8 16. Nxe4 Nxe4 17. Bd4 Bd6 18. Bb1 Nf6 19. Rfd1 Nd5 20. Qe4 Kf8 
21. Be5 Kg8 22. Qd4 Qf8 23. Bxd6 Qxd6 24. h4 Qe7 25. Ne5 h5 26. Be4 Rh6 
27. g3 Nf6 28. Nc6 Bxc6 29. Bxc6 e5 30. Qb6 Ne8 31. Rd5 Re6 32. Rxe5 Rxe5 
33. Bxa8 Re6 34. Bc6 Qd6 35. Qc5 Qd2 36. Qc3 Qxc3 37. Rxc3 Kf8 38. b4 g6 
39. Kf1 Ke7 40. Bd5 Rd6 41. Bb3 Rd7 42. Ke2 Nd6 43. Bd5 a5 44. Kd3 Ne8 
45. Rc5 Nc7 46. Ke4 Kd6 47. Rc6+ Ke7 48. Rc5 Kd6 49. Rc6+ Ke7 50. Bb3 axb4 
51. axb4 Ne8 52. Ke3 Ng7 53. Bc2 Ne6 54. Rb6 Nc7 55. Bb3 Rd8 56. Rb7 Rd7 
57. Ke4 Kd6 58. Rb6+ Ke7 59. Rb7 Kd6 60. Rb6+ Ke7 61. Rc6 Ne8 62. Ke3 Ng7 
63. Bc2 Ne6 64. Rb6 Nc7 65. Bb3 Rd8 66. Rb7 Rd7 67. Ba2 Kd6 68. Rb8 Ke5 
69. Rb7 Kd6 70. Rb6+ Ke7 71. Rb8 Kf6 72. Rb7 Re7+ 73. Kd2 Rd7+ 74. Ke2 Ke7 
75. Rb6 Rd8 76. Bb3 Rd7 77. Rb7 Kd6 78. Rb6+ Ke7 79. Rb7 Kd6 80. Rb8 Ke7 
81. Rb6 Rd4 82. Rb7 Rd7 83. Rb6 Rd4 84. Rb7 Rd7 85. Ke3 Kf8 86. f3 Re7+ 
87. Kd2 Rd7+ 88. Kc1 Ke7 1/2-1/2

[Event "Monday Night Engine Tour 11 rd Swiss 5m+1s Starts at 2200hrs ST"]
[Site "Infinity Chess"]
[Date "2018.4.23"]
[Round "8"]
[White "Seliga"]
[Black "Murx"]
[Result "1/2-1/2"]
[ECO "C55"]
[WhiteElo "2498"]
[BlackElo "2552"]
[WhiteEngine "AsmFish A12_CTG"]
[BlackEngine "asmFishW_2018-04-07_popcnt"]
[EventType "Swiss"]
[WhiteTeam ""]
[BlackTeam ""]
[PlyCount "155"]
[TimeControl "300+1"]

1. e4 e5 2. Nf3 Nc6 3. Bc4 Nf6 4. d3 Bc5 5. O-O d6 6. c3 O-O 7. Nbd2 a6 
8. a4 Ne7 9. Re1 Ng6 10. h3 c6 11. a5 d5 12. Bb3 Re8 13. exd5 cxd5 14. Nf1 Bf8 
15. Bg5 h6 16. Bxf6 gxf6 17. Ng3 f5 18. Nh5 Bg7 19. Qd2 Kh7 20. Nxg7 Kxg7 
21. Ra3 f6 22. Ra4 f4 23. Rea1 Be6 24. Rb4 Re7 25. Rb6 Rc8 26. Ba4 Qc7 
27. Qe2 Bf7 28. Ra3 Re6 29. Rab3 Rxb6 30. Rxb6 Rd8 31. d4 e4 32. Nh2 Rd6 
33. Qh5 Ne7 34. Qg4+ Ng6 35. Rxd6 Qxd6 36. Qd7 Qe6 37. Nf1 f5 38. g3 Nf8 
39. Qxe6 Bxe6 40. Kh2 f3 41. Ne3 Ng6 42. c4 Ne7 43. b3 Kf6 44. h4 dxc4 
45. bxc4 Ng6 46. h5 Nf8 47. c5 Bd7 48. Bxd7 Nxd7 49. Kg1 Kg5 50. Kf1 f4 
51. gxf4+ Kxf4 52. Nd5+ Kf5 53. Ke1 e3 54. Nxe3+ Ke4 55. Ng4 Kxd4 56. Nxh6 Ke5 
57. Ng4+ Kf5 58. Nh2 Kg5 59. Nxf3+ Kxh5 60. c6 bxc6 61. Ke2 Kg6 62. Kd3 Nc5+ 
63. Kc3 Kf5 64. Nd2 Kf4 65. Kd4 Ne6+ 66. Kd3 Nc7 67. Kd4 Ne6+ 68. Kc3 c5 
69. Kc4 Ke5 70. Nf3+ Ke4 71. Ne1 Ke5 72. Nd3+ Kd6 73. f3 Kc6 74. f4 Kd6 
75. f5 Nd4 76. Nxc5 Nc6 77. f6 Nxa5+ 78. Kd4 1/2-1/2

[Event "Monday Night Engine Tour 11 rd Swiss 5m+1s Starts at 2200hrs ST"]
[Site "Infinity Chess"]
[Date "2018.4.23"]
[Round "7"]
[White "ocirema"]
[Black "OlivierEvan"]
[Result "1/2-1/2"]
[ECO "D30"]
[WhiteElo "2476"]
[BlackElo "2436"]
[WhiteEngine "Eman 1.70-beta21 64-bit POPCNT_CTG"]
[BlackEngine "Houdini 6"]
[EventType "Swiss"]
[WhiteTeam ""]
[BlackTeam ""]
[PlyCount "120"]
[TimeControl "300+1"]

1. d4 d5 2. c4 e6 3. Nf3 Nf6 4. g3 dxc4 5. Bg2 Bb4+ 6. Bd2 a5 7. a3 Be7 
8. Qa4+ Nbd7 9. Nc3 O-O 10. Qxc4 c5 11. dxc5 Bxc5 12. Rd1 b5 13. Nxb5 Qb6 
14. O-O Bb7 15. Nc3 Rfc8 16. Qf4 Bd6 17. Qd4 Bc5 18. Qf4 Bd6 19. Qh4 Rab8 
20. Rb1 Qa6 21. Rfd1 Rc4 22. Qh3 h6 23. Ne1 Bc6 24. Bxc6 Rxc6 25. Qf1 Rcc8 
26. Nd3 Nc5 27. a4 e5 28. Be1 Nxd3 29. exd3 Bc5 30. Nb5 Bb6 31. Bc3 Re8 
32. Re1 Rbd8 33. Rbd1 Ng4 34. Re2 h5 35. Rdd2 Rd5 36. d4 Qa8 37. h3 Nf6 
38. dxe5 Ne4 39. Rxe4 Rxd2 40. Bxd2 Qxe4 41. Nd6 Qd5 42. Nxe8 Qxd2 43. Nd6 Bd4 
44. h4 Qxb2 45. Qg2 Qc1+ 46. Kh2 Qc2 47. Nxf7 Qxf2 48. Qxf2 Bxf2 49. Nd8 Bb6 
50. Ne6 Kf7 51. Nf4 Bd4 52. Kh3 Bxe5 53. Nxh5 g6 54. Nf4 Bxf4 55. gxf4 Ke7 
56. f5 Kf6 57. Kg4 gxf5+ 58. Kf4 Kg6 59. h5+ Kxh5 60. Kxf5 Kh6 1/2-1/2

[Event "Monday Night Engine Tour 11 rd Swiss 5m+1s Starts at 2200hrs ST"]
[Site "Infinity Chess"]
[Date "2018.4.23"]
[Round "7"]
[White "Seliga"]
[Black "star99"]
[Result "1/2-1/2"]
[ECO "B23"]
[WhiteElo "2500"]
[BlackElo "2460"]
[WhiteEngine "AsmFish A12_CTG"]
[BlackEngine "Cryptic Heroes 9.4B"]
[EventType "Swiss"]
[WhiteTeam ""]
[BlackTeam ""]
[PlyCount "161"]
[TimeControl "300+1"]

1. e4 c5 2. Nc3 Nc6 3. Nf3 e5 4. Bc4 Be7 5. d3 d6 6. O-O Nf6 7. a4 O-O 8. Bd2 h6 
9. Re1 Bd7 10. h3 a6 11. Nh2 Rb8 12. Nf1 Nh7 13. Nd5 Bg5 14. c3 Bxd2 
15. Qxd2 Kh8 16. Ng3 f5 17. Nxf5 Bxf5 18. exf5 Rxf5 19. Qd1 Rf8 20. Re3 Ne7 
21. Nxe7 Qxe7 22. a5 Qc7 23. Be6 b5 24. axb6 Rxb6 25. b3 Re8 26. Bg4 Nf6 
27. d4 d5 28. Bh5 Re7 29. dxc5 Qxc5 30. b4 Qd6 31. Be2 Rd7 32. Ra4 Rc7 
33. Qa1 Rcc6 34. Bf1 e4 35. Qb2 Qd7 36. Ra1 Qd6 37. Rd1 Qe5 38. Qd2 Rd6 
39. f3 Kg8 40. Be2 Rd7 41. Bf1 Rdd6 42. Qd3 Rbc6 43. Qe2 Re6 44. Qd2 Kh8 
45. Qe1 Rc8 46. Qd2 Qg5 47. Qe1 Qe5 48. Ra1 Rec6 49. Rc1 Rf8 50. fxe4 Nxe4 
51. Bd3 Rxc3 52. Qxc3 Qxc3 53. Rxc3 Nxc3 54. Bxa6 d4 55. Re7 Rd8 56. Rc7 Nd5 
57. Rb7 d3 58. Bxd3 Nxb4 59. Bg6 Nd3 60. g3 Ne5 61. Be4 Kg8 62. Re7 Nd7 
63. Bg6 Nf6 64. Kg2 Kf8 65. Rf7+ Kg8 66. Ra7 Nd7 67. Ra5 Nf6 68. g4 Kf8 
69. Ra7 Rd2+ 70. Kf3 Rd4 71. Rf7+ Kg8 72. Re7 Rb4 73. Ke2 Kf8 74. Re5 Rb2+ 
75. Kf3 Rb3+ 76. Kg2 Rb2+ 77. Kf3 Rb4 78. Kg3 Rb3+ 79. Kg2 Rb2+ 80. Kg3 Rb3+ 
81. Kg2 1/2-1/2

[Event "Monday Night Engine Tour 11 rd Swiss 5m+1s Starts at 2200hrs ST"]
[Site "Infinity Chess"]
[Date "2018.4.23"]
[Round "7"]
[White "Deep_Impact"]
[Black "Dovahkiin"]
[Result "1/2-1/2"]
[ECO "C50"]
[WhiteElo "2510"]
[BlackElo "2442"]
[WhiteEngine "BrainFish_180411_x64_bmi2"]
[BlackEngine "BrainFish_180418_x64_modern_CTG"]
[EventType "Swiss"]
[WhiteTeam ""]
[BlackTeam ""]
[PlyCount "93"]
[TimeControl "300+1"]

1. e4 e5 2. Nf3 Nc6 3. Bc4 Bc5 4. O-O Nf6 5. d3 d6 6. c3 a5 7. Bg5 Ba7 
8. Nbd2 h6 9. Bh4 Qe7 10. Bb5 g5 11. Bg3 O-O 12. Nc4 Nh5 13. Bxc6 bxc6 
14. Nxa5 Nxg3 15. hxg3 Bd7 16. Qd2 f6 17. Nc4 Qh7 18. Ne3 h5 19. a4 h4 
20. g4 Bxe3 21. Qxe3 Bxg4 22. a5 Bc8 23. Nd2 Kf7 24. b4 Ke7 25. c4 g4 26. c5 g3 
27. fxg3 hxg3 28. Qxg3 Rg8 29. cxd6+ cxd6 30. Qf2 Qh6 31. Nc4 Rg5 32. b5 Be6 
33. Qb6 Rh8 34. Qc7+ Bd7 35. Ne3 Qh2+ 36. Kf2 Rh3 37. bxc6 Qf4+ 38. Kg1 Qxe3+ 
39. Rf2 Rxg2+ 40. Kxg2 Rg3+ 41. Kf1 Qxd3+ 42. Re2 Qf3+ 43. Ke1 Qc3+ 44. Kf2 Qf3+ 
45. Ke1 Qc3+ 46. Kf2 Qf3+ 47. Ke1 1/2-1/2

[Event "Monday Night Engine Tour 11 rd Swiss 5m+1s Starts at 2200hrs ST"]
[Site "Infinity Chess"]
[Date "2018.4.23"]
[Round "7"]
[White "Murx"]
[Black "gmmarolideus"]
[Result "1-0"]
[ECO "C00"]
[WhiteElo "2546"]
[BlackElo "2290"]
[WhiteEngine "asmFishW_2018-04-07_popcnt"]
[BlackEngine "asmFishW_2018-04-07_popcnt_CTG"]
[EventType "Swiss"]
[WhiteTeam ""]
[BlackTeam ""]
[PlyCount "123"]
[TimeControl "300+1"]

1. e4 e6 2. Nc3 d5 3. d4 Bb4 4. e5 Ne7 5. a3 Bxc3+ 6. bxc3 c5 7. Qg4 O-O 
8. Nf3 Qa5 9. Bd2 c4 10. Be2 Nbc6 11. h4 f5 12. Qf4 Qa4 13. Ra2 h6 14. h5 Bd7 
15. Nh4 Rab8 16. Ng6 Rfe8 17. Qh4 Qb5 18. Bxh6 gxh6 19. Rh3 Rf8 20. Nxe7+ Kh8 
21. Rg3 Rf7 22. Nxc6 Qxc6 23. Rg6 Qc8 24. Rxh6+ Kg8 25. Rf6 Qf8 26. f3 Be8 
27. Rxe6 f4 28. Rd6 Kh8 29. Rxd5 Qe7 30. Qg4 Rg7 31. Qxf4 Rxg2 32. Rd6 Qg5 
33. Qxg5 Rxg5 34. h6 Rg6 35. Rxg6 Bxg6 36. Bxc4 Rc8 37. Bd5 Kh7 38. Kd2 Kxh6 
39. Bxb7 Rb8 40. Bd5 Rb1 41. c4 Kg7 42. c5 Be8 43. Ke3 Kf8 44. c3 Rc1 
45. Kd3 Rh1 46. Rb2 Rh6 47. Rb7 a6 48. Rb6 Rh8 49. c6 Kg7 50. Ke3 Rf8 51. c7 Bd7 
52. Rd6 Bh3 53. Rd8 Rf7 54. Bxf7 Kxf7 55. d5 a5 56. e6+ Bxe6 57. dxe6+ Kxe6 
58. c8=Q+ Ke7 59. Qc7+ Kf6 60. Rd6+ Kg5 61. Qg7+ Kh5 62. Qg4# 1-0

[Event "Monday Night Engine Tour 11 rd Swiss 5m+1s Starts at 2200hrs ST"]
[Site "Infinity Chess"]
[Date "2018.4.23"]
[Round "7"]
[White "MarioDeMonti"]
[Black "Victorious"]
[Result "1/2-1/2"]
[ECO "C53"]
[WhiteElo "2477"]
[BlackElo "2553"]
[WhiteEngine "stockfish_x64_bmi2_2018_02_18_CTG"]
[BlackEngine "Cfish_x64_180418_NUMA_ELTO_popcnt"]
[EventType "Swiss"]
[WhiteTeam ""]
[BlackTeam ""]
[PlyCount "168"]
[TimeControl "300+1"]

1. e4 e5 2. Nf3 Nc6 3. Bc4 Bc5 4. c3 Nf6 5. d3 a5 6. O-O d6 7. Re1 O-O 8. h3 h6 
9. Nbd2 Be6 10. Bb5 Qb8 11. Nf1 Qa7 12. Ne3 a4 13. Re2 Rfd8 14. Nf5 Bxf5 
15. exf5 Bb6 16. Bxc6 bxc6 17. Nh2 Re8 18. Ng4 Nxg4 19. hxg4 Qa6 20. Qc2 Qc8 
21. Be3 Bxe3 22. Rxe3 c5 23. Rae1 Qd7 24. Qe2 Kf8 25. Qd2 Ra5 26. f4 f6 
27. Qe2 Raa8 28. d4 cxd4 29. cxd4 exf4 30. Re6 Qc6 31. d5 Rxe6 32. dxe6 Ke7 
33. Qd2 Qb6+ 34. Kh2 Ra5 35. Rc1 Ra7 36. Rf1 c5 37. Rxf4 Qc6 38. Kh3 d5 
39. Qc3 Qd6 40. Rf2 c4 41. Rd2 Qc5 42. Qf3 Ra5 43. g3 Rb5 44. a3 Qd6 45. Qe3 Qc7 
46. Qd4 Kf8 47. Rg2 Ke7 48. Qd1 Qa7 49. Rh2 Qa8 50. Rg2 Ra5 51. Qd4 Qb7 
52. Kh4 Rb5 53. Rd2 Qc6 54. Rd1 Qc7 55. Rd2 Qc6 56. Rd1 Qb7 57. Kh5 Qb8 
58. Re1 Qe8+ 59. Kh4 Qb8 60. Kh5 Qe8+ 61. Kh4 Qa8 62. Kh3 Qb7 63. Re2 Qb6 
64. Qd1 Qa6 65. Rg2 Qa7 66. Re2 Qa6 67. Kh4 Qa5 68. Qg1 Qa8 69. Qd4 Qc6 
70. Rh2 Rc5 71. Qe3 Qd6 72. Rd2 Qc6 73. Rd1 Rb5 74. Kh3 Qc7 75. Rd2 Rb3 
76. Qf2 Rb5 77. Kh4 Qc6 78. Qd4 Qa8 79. Kh3 Qb8 80. Qf2 Qc7 81. Kh4 Qa5 
82. Re2 Qa8 83. Kh3 Qb7 84. Rd2 Qc7 1/2-1/2

[Event "Monday Night Engine Tour 11 rd Swiss 5m+1s Starts at 2200hrs ST"]
[Site "Infinity Chess"]
[Date "2018.4.23"]
[Round "7"]
[White "SkyPilot"]
[Black "Coco69"]
[Result "1/2-1/2"]
[ECO "B90"]
[WhiteElo "2515"]
[BlackElo "2469"]
[WhiteEngine "stockfish_x64_bmi2_2018_04_07_CTG"]
[BlackEngine "BrainFish_180418_x64_CTG"]
[EventType "Swiss"]
[WhiteTeam ""]
[BlackTeam ""]
[PlyCount "95"]
[TimeControl "300+1"]

1. e4 c5 2. Nf3 d6 3. d4 cxd4 4. Nxd4 Nf6 5. Nc3 a6 6. Be3 e5 7. Nb3 Be6 
8. f3 h5 9. Qd2 Nbd7 10. Nd5 Nxd5 11. exd5 Bf5 12. Na5 Qc7 13. Rc1 Be7 
14. Bd3 Bxd3 15. cxd3 Qb8 16. d4 Bh4+ 17. g3 Bf6 18. O-O O-O 19. dxe5 Nxe5 
20. b3 Re8 21. Bb6 h4 22. Kg2 Bd8 23. Bd4 Bxa5 24. Qxa5 b5 25. Qc7 hxg3 
26. Qxb8 Raxb8 27. hxg3 Nd3 28. Rc6 Nb4 29. Rxd6 Red8 30. Rxd8+ Rxd8 
31. Rf2 Nxd5 32. Rd2 Nb4 33. a4 Nc6 34. Be3 Rxd2+ 35. Bxd2 bxa4 36. bxa4 f6 
37. Kf2 Kf7 38. f4 Ke6 39. g4 g6 40. Ke3 Kd5 41. Kd3 f5 42. gxf5 gxf5 43. Be1 a5 
44. Bd2 Nb4+ 45. Bxb4 axb4 46. a5 Kc5 47. a6 Kb6 48. Kc4 1/2-1/2